Wild vs Sharks

Created - 27 janvier 2021 at 13:29

Goals
1 2 3 OT1 SO T
Wild 0 0 1 0 0 1
Sharks 1 0 0 0 1 2
Shots
1 2 3 OT1 SO T
Wild 9 9 9 4 3 31
Sharks 4 15 6 8 2 33

1st period

1. Sharks , Jonathan Huberdeau 6 (Gabriel Landeskog 15, Kenny Agostino 2) at 9:59

Penalties :
No Penalty

2nd period

No Goal

Penalties :
No Penalty

3rd period

2. Wild , Jack Eichel 9 (Brad Marchand 11, Frank Vatrano 5) at 1:28

Penalties :
Brendan Gaunce (SJS) for Hooking (Minor) at 6:28, Mark Borowiecki (SJS) for Holding (Minor) at 14:14

Overtime #1

No Goal

Penalties :
No Penalty

Shootout

Wild, Elias Lindholm - Stopped by Darcy Kuemper
Sharks, Sidney Crosby - Stopped by Anton Khudobin
Wild, Patrice Bergeron - Stopped by Darcy Kuemper
Sharks, Gabriel Landeskog - Goal!
Wild, Brad Marchand - Stopped by Darcy Kuemper

Penalties :
No Penalty

Goalie Stats

Anton Khudobin (MIW), 32 saves from 33 shots - (0,970), OTL, 7-10-4, 65:00 minutes
Darcy Kuemper (SJS), 30 saves from 31 shots - (0,968), W, 14-5-1, 65:00 minutes

Players Stats for Wild

Player Name              G  A  P  +/- PIM S  H  SB GA TA FO     MP     PP MP  PK MP  
------------------------------------------------------------------------------------
Adrian Kempe             0  0  0   1  0   0  1  1  0  0  1/1    14:44   0:00   0:00 
Alexander Edler          0  0  0  -1  0   0  5  4  0  1  0/0    23:35   1:37   0:00 
Brad Marchand            0  1  1   1  0   1  1  0  2  2  0/1    18:43   1:59   0:00 
Brandon Carlo            0  0  0   0  0   0  1  0  0  2  0/0    17:52   0:00   0:00 
Brayden McNabb           0  0  0   1  0   1  1  2  0  2  0/0    19:00   0:00   0:00 
Chris Tierney            0  0  0   0  0   1  0  2  0  1  2/8    11:39   0:00   0:00 
Devon Toews              0  0  0   0  0   0  1  0  0  1  0/0    19:19   1:37   0:00 
Elias Lindholm           0  0  0  -1  0   5  0  0  0  1  8/16   17:44   1:59   0:00 
Frank Vatrano            0  1  1   0  0   1  0  0  0  0  0/0    11:07   0:00   0:00 
Jack Eichel              1  0  1   1  0   4  1  0  3  0  8/13   19:25   1:59   0:00 
Jesper Fast              0  0  0   0  0   1  0  3  1  0  1/2    15:15   0:00   0:00 
Jordan Greenway          0  0  0  -1  0   1  3  0  0  0  0/0    14:44   0:00   0:00 
Kevin Stenlund           0  0  0   0  0   0  1  0  1  0  0/0    11:07   0:00   0:00 
Mattias Ekholm           0  0  0   1  0   1  1  0  0  0  0/0    21:37   2:21   0:00 
Nikita Kucherov          0  0  0  -1  0   3  1  1  2  0  1/1    18:05   1:59   0:00 
Patrice Bergeron         0  0  0   0  0   7  1  0  1  0  14/32  19:36   1:59   0:00 
Ryan Suter               0  0  0  -1  0   2  2  2  0  2  0/0    23:37   2:21   0:00 
T.J. Oshie               0  0  0   0  0   3  1  0  0  0  0/0    17:51   1:59   0:00 

Players Stats for Sharks

Player Name              G  A  P  +/- PIM S  H  SB GA TA FO     MP     PP MP  PK MP  
------------------------------------------------------------------------------------
Alex Pietrangelo         0  0  0   0  0   1  1  2  1  1  0/0    28:40   0:00   2:26 
Andreas Johnsson         0  0  0   0  0   1  1  1  0  0  0/1    16:22   0:00   0:00 
Boone Jenner             0  0  0  -1  0   4  2  0  2  0  16/28  23:53   0:00   1:55 
Brendan Gaunce           0  0  0   0  2   0  0  0  0  0  1/2     8:59   0:00   0:38 
Colton Sceviour          0  0  0   0  0   0  0  0  0  0  0/0     2:01   0:00   1:55 
Dylan Larkin             0  0  0   0  0   3  1  0  2  0  5/10   17:35   0:00   0:19 
Gabriel Landeskog        0  1  1   1  0   7  2  0  0  1  1/1    21:12   0:00   0:17 
Jonathan Huberdeau       1  0  1   1  0   2  1  1  1  0  0/0    20:54   0:00   1:24 
Justin Braun             0  0  0   0  0   1  2  2  0  1  0/0    20:59   0:00   1:32 
Kenny Agostino           0  1  1  -1  0   0  0  0  0  0  0/0    13:27   0:00   0:00 
Mark Borowiecki          0  0  0   0  2   1  3  2  0  0  0/0    21:30   0:00   0:44 
Michael Raffl            0  0  0   0  0   1  1  0  1  0  0/0     9:42   0:00   1:28 
Mirco Mueller            0  0  0   0  0   0  0  0  0  1  0/0    14:25   0:00   0:48 
Robert Thomas            0  0  0  -1  0   1  0  0  3  0  0/2    14:02   0:00   0:00 
Shea Theodore            0  0  0   0  0   0  1  1  0  0  0/0    13:48   0:00   0:00 
Sidney Crosby            0  0  0   1  0   6  1  1  1  0  15/29  20:47   0:00   0:00 
Teuvo Teravainen         0  0  0   0  0   3  0  0  1  1  1/1    16:49   0:00   0:00 
Zach Werenski            0  0  0   0  0   2  0  0  0  5  0/0    25:55   0:00   2:26 

3 Stars

1 - Anton Khudobin (MIW)
2 - Darcy Kuemper (SJS)
3 - Jonathan Huberdeau (SJS)

Power Play

Wild - 0 on 2 Attempt(s) - 0,00%
Sharks - 0 on 0 Attempt(s) - 0,00%

Penalty Kill

Wild - 0 on 0 Attempt(s) - 0,00% - Score 0 goal in Penalty Kill
Sharks - 2 on 2 Attempt(s) - 100,00% - Score 0 goal in Penalty Kill

Team Stat

Wild - Hits : 21 - Faceoff Wins : 35 - Blocked Shots : 15 - Penalty Minutes : 0
Sharks - Hits : 16 - Faceoff Wins : 39 - Blocked Shots : 10 - Penalty Minutes : 4

Official

Referees : Francois St-Laurent and Jim Curtin
Linesman : Shaun Morgan and Travis Gawryletz

Game Notes

No Game Note

Finance

Level 1 -- Attendance: 4392 (73,20%) -- Ticket Income 439 200 $
Level 2 -- Attendance: 4511 (90,22%) -- Ticket Income 270 660 $
Level 3 -- Attendance: 2000 (100,00%) -- Ticket Income 70 000 $
Level 4 -- Attendance: 3685 (92,13%) -- Ticket Income 73 700 $
Luxury Box -- Attendance: 775 (77,50%) -- Ticket Income 155 000 $
Game was played at the Wananiche.
Total Attendance: 15363 (85,35%)
Total Ticket Income: 1 008 560 $
Other Income: 494 194 $
Total Income: 1 502 754 $

Wild

5 vs 5 Forward 
   Center                   Left Wing                Right Wing               Time % Phy DF OF 
 1 Patrice Bergeron         T.J. Oshie               Jesper Fast              27     1   1  3  
 2 Elias Lindholm           Jordan Greenway          Nikita Kucherov          27     1   1  3  
 3 Jack Eichel              Adrian Kempe             Brad Marchand            27     1   1  3  
 4 Chris Tierney            Frank Vatrano            Kevin Stenlund           19     0   0  5  

5 vs 5 Defense 
   Defense                  Defense                                           Time % Phy DF OF 
 1 Alexander Edler          Ryan Suter                                        35     0   2  3  
 2 Mattias Ekholm           Brayden McNabb                                    35     0   2  3  
 3 Brandon Carlo            Devon Toews                                       30     0   2  3  
 4 Alexander Edler          Ryan Suter                                        0      1   2  2  

PowerPlay Forward 
   Center                   Left Wing                Right Wing               Time % Phy DF OF 
 1 Jack Eichel              Brad Marchand            Elias Lindholm           50     1   2  2  
 2 Patrice Bergeron         Nikita Kucherov          T.J. Oshie               50     1   2  2  

PowerPlay Defense
   Defense                  Defense                                           Time % Phy DF OF 
 1 Mattias Ekholm           Ryan Suter                                        60     1   2  2  
 2 Alexander Edler          Devon Toews                                       40     1   2  2  

Penalty Kill 4 Players Forward 
   Center                   Wing                     Time % Phy DF OF 
 1 Chris Tierney            Jesper Fast              60     0   4  1  
 2 Elias Lindholm           Jordan Greenway          40     0   5  0  

Penalty Kill 4 Players Defense
   Defense                  Defense                  Time % Phy DF OF 
 1 Alexander Edler          Ryan Suter               60     0   5  0  
 2 Mattias Ekholm           Brayden McNabb           40     0   5  0  

Penalty Kill - 3 Players Forward 
   Forward                                           Time % Phy DF OF 
 1 Chris Tierney                                     60     0   5  0  
 2 Jesper Fast                                       40     0   5  0  

Penalty Kill - 3 Players Defense
   Defense                  Defense                  Time % Phy DF OF 
 1 Brayden McNabb           Alexander Edler          60     0   5  0  
 2 Mattias Ekholm           Ryan Suter               40     0   5  0  

4 vs 4 Forward 
   Center                   Wing                     Time % Phy DF OF 
 1 Jack Eichel              Patrice Bergeron         60     1   2  2  
 2 Brad Marchand            Nikita Kucherov          40     1   2  2  

4 vs 4 Defense
   Defense                  Defense                  Time % Phy DF OF 
 1 Alexander Edler          Ryan Suter               60     1   2  2  
 2 Mattias Ekholm           Brayden McNabb           40     1   2  2  

Last Minutes Offensive
   Center                   Left Wing                Right Wing               Defense                  Defense                  
   Jack Eichel              Brad Marchand            Nikita Kucherov          Mattias Ekholm           Ryan Suter               

Last Minutes Defensive
   Center                   Left Wing                Right Wing               Defense                  Defense                  
   Chris Tierney            Elias Lindholm           Jesper Fast              Alexander Edler          Ryan Suter               

Goaltenders
Starting : Anton Khudobin           
Backup : Linus Ullmark            

Extra Forwards
Normal : Elias Lindholm, Chris Tierney, Jesper Fast - PP : Elias Lindholm, Chris Tierney - PK : Jesper Fast
Extra Defensemen
Normal : Brandon Carlo, Devon Toews, Mattias Ekholm - PP : Brandon Carlo - PK : Devon Toews, Mattias Ekholm
Penalty Shots
Elias Lindholm, Patrice Bergeron, Brad Marchand, Nikita Kucherov, Jack Eichel
Custom OT Lines Forwards
Jack Eichel, Patrice Bergeron, Brad Marchand, Nikita Kucherov, Elias Lindholm, T.J. Oshie, Chris Tierney, Adrian Kempe, Jesper Fast, Frank Vatrano
Custom OT Lines Defensemen
Alexander Edler, Ryan Suter, Mattias Ekholm, Brayden McNabb, Brandon Carlo

Scratches
Adam Fox (Healthy), Martin Marincin (Healthy)

Sharks

5 vs 5 Forward 
   Center                   Left Wing                Right Wing               Time % Phy DF OF 
 1 Sidney Crosby            Jonathan Huberdeau       Gabriel Landeskog        32     0   2  3  
 2 Dylan Larkin             Andreas Johnsson         Teuvo Teravainen         28     0   2  3  
 3 Boone Jenner             Kenny Agostino           Robert Thomas            25     0   4  1  
 4 Boone Jenner             Brendan Gaunce           Michael Raffl            15     0   5  0  

5 vs 5 Defense 
   Defense                  Defense                                           Time % Phy DF OF 
 1 Alex Pietrangelo         Mark Borowiecki                                   38     0   4  1  
 2 Zach Werenski            Justin Braun                                      36     0   4  1  
 3 Shea Theodore            Mirco Mueller                                     21     0   5  0  
 4 Alex Pietrangelo         Zach Werenski                                     5      0   5  0  

PowerPlay Forward 
   Center                   Left Wing                Right Wing               Time % Phy DF OF 
 1 Sidney Crosby            Gabriel Landeskog        Dylan Larkin             55     0   0  5  
 2 Boone Jenner             Teuvo Teravainen         Jonathan Huberdeau       45     0   0  5  

PowerPlay Defense
   Defense                  Defense                                           Time % Phy DF OF 
 1 Alex Pietrangelo         Shea Theodore                                     55     0   1  4  
 2 Mark Borowiecki          Zach Werenski                                     45     0   1  4  

Penalty Kill 4 Players Forward 
   Center                   Wing                     Time % Phy DF OF 
 1 Boone Jenner             Colton Sceviour          55     0   5  0  
 2 Brendan Gaunce           Michael Raffl            45     0   5  0  

Penalty Kill 4 Players Defense
   Defense                  Defense                  Time % Phy DF OF 
 1 Alex Pietrangelo         Zach Werenski            55     0   5  0  
 2 Mark Borowiecki          Justin Braun             45     0   5  0  

Penalty Kill - 3 Players Forward 
   Forward                                           Time % Phy DF OF 
 1 Colton Sceviour                                   55     0   5  0  
 2 Brendan Gaunce                                    45     0   5  0  

Penalty Kill - 3 Players Defense
   Defense                  Defense                  Time % Phy DF OF 
 1 Alex Pietrangelo         Zach Werenski            55     0   5  0  
 2 Mark Borowiecki          Justin Braun             45     0   5  0  

4 vs 4 Forward 
   Center                   Wing                     Time % Phy DF OF 
 1 Sidney Crosby            Gabriel Landeskog        55     0   3  2  
 2 Dylan Larkin             Jonathan Huberdeau       45     0   3  2  

4 vs 4 Defense
   Defense                  Defense                  Time % Phy DF OF 
 1 Alex Pietrangelo         Zach Werenski            55     0   4  1  
 2 Mark Borowiecki          Justin Braun             45     0   4  1  

Last Minutes Offensive
   Center                   Left Wing                Right Wing               Defense                  Defense                  
   Sidney Crosby            Gabriel Landeskog        Dylan Larkin             Alex Pietrangelo         Zach Werenski            

Last Minutes Defensive
   Center                   Left Wing                Right Wing               Defense                  Defense                  
   Sidney Crosby            Gabriel Landeskog        Dylan Larkin             Alex Pietrangelo         Zach Werenski            

Goaltenders
Starting : Darcy Kuemper            
Backup : Jake Allen               

Extra Forwards
Normal : Andreas Johnsson, Robert Thomas, Colton Sceviour - PP : Andreas Johnsson, Robert Thomas - PK : Colton Sceviour
Extra Defensemen
Normal : Shea Theodore, Mirco Mueller, Mark Borowiecki - PP : Shea Theodore - PK : Mirco Mueller, Mark Borowiecki
Penalty Shots
Sidney Crosby, Gabriel Landeskog, Dylan Larkin, Jonathan Huberdeau, Teuvo Teravainen
Custom OT Lines Forwards
Sidney Crosby, Gabriel Landeskog, Dylan Larkin, Jonathan Huberdeau, Teuvo Teravainen, Boone Jenner, Andreas Johnsson, Robert Thomas, Colton Sceviour, Kenny Agostino
Custom OT Lines Defensemen
Alex Pietrangelo, Zach Werenski, Mark Borowiecki, Justin Braun, Shea Theodore

Scratches
Dillon Dube (Healthy)

% Time on Ice - Wild

Lines # - Real PCT - Wanted PCT - Time Play
Normal Forward
1 - 28% - 27% - 15:26
2 - 26% - 27% - 14:45
3 - 26% - 27% - 14:44
4 - 20% - 19% - 11:07
Normal Defense
1 - 35% - 35% - 19:30
2 - 34% - 35% - 19:04
3 - 31% - 30% - 17:10
4 - 1% - 0% - 0:18
PP Forward
1 - 50% - 50% - 1:59
2 - 50% - 50% - 1:59
PP Defense
1 - 59% - 60% - 2:21
2 - 41% - 40% - 1:37
PK Forward
1 - 0% - 60%
2 - 0% - 40%
PK Defense
1 - 0% - 60%
2 - 0% - 40%
PK3 Forward
1 - 0% - 60%
2 - 0% - 40%
PK3 Defense
1 - 0% - 60%
2 - 0% - 40%
44 Forward
1 - 0% - 60%
2 - 0% - 40%
44 Defense
1 - 0% - 60%
2 - 0% - 40%
Last Minute Offensive  - 0:00
Last Minute Defensive  - 0:00
Total
Forward - 60:00
Defense - 60:00

% Time on Ice - Sharks

Lines # - Real PCT - Wanted PCT - Time Play
Normal Forward
1 - 33% - 32% - 18:31
2 - 29% - 28% - 16:08
3 - 24% - 25% - 13:27
4 - 14% - 15% - 7:56
Normal Defense
1 - 38% - 38% - 21:12
2 - 35% - 36% - 19:27
3 - 23% - 21% - 13:10
4 - 4% - 5% - 2:13
PP Forward
1 - 0% - 55%
2 - 0% - 45%
PP Defense
1 - 0% - 55%
2 - 0% - 45%
PK Forward
1 - 63% - 55% - 2:30
2 - 37% - 45% - 1:28
PK Defense
1 - 61% - 55% - 2:26
2 - 39% - 45% - 1:32
PK3 Forward
1 - 0% - 55%
2 - 0% - 45%
PK3 Defense
1 - 0% - 55%
2 - 0% - 45%
44 Forward
1 - 0% - 55%
2 - 0% - 45%
44 Defense
1 - 0% - 55%
2 - 0% - 45%
Last Minute Offensive  - 0:00
Last Minute Defensive  - 0:00
Total
Forward - 60:00
Defense - 60:00

Play-by-Play

1st period


0:01 of 1st period - Patrice Bergeron wins face-off versus Sidney Crosby in neutral zone.
0:06 of 1st period - Wrist shot by T.J. Oshie.
0:06 of 1st period - Deflect By Patrice Bergeron.
0:06 of 1st period - Shot Blocked by Mark Borowiecki.
0:06 of 1st period - Puck is out of play.
0:07 of 1st period - Patrice Bergeron wins face-off versus Sidney Crosby in Sharks zone.
0:18 of 1st period - Snap shot by Patrice Bergeron.
0:18 of 1st period - Stopped by Darcy Kuemper without a rebound.
0:19 of 1st period - Elias Lindholm wins face-off versus Dylan Larkin in Sharks zone.
0:26 of 1st period - Wrist shot by Nikita Kucherov.
0:26 of 1st period - Deflect By Elias Lindholm.
0:26 of 1st period - Stopped by Darcy Kuemper without a rebound.
0:27 of 1st period - Elias Lindholm wins face-off versus Dylan Larkin in Sharks zone.
0:36 of 1st period - Snap shot by Nikita Kucherov.
0:36 of 1st period - Shot Blocked by Justin Braun.
2:53 of 1st period - Wrist shot by Dylan Larkin.
2:53 of 1st period - Shot Misses the Net.
4:10 of 1st period - Off-side.
4:11 of 1st period - Boone Jenner wins face-off versus Jack Eichel in neutral zone.
4:19 of 1st period - Icing by Devon Toews.
4:20 of 1st period - Adrian Kempe wins face-off versus Sidney Crosby in Wild zone.
4:25 of 1st period - Wrist shot by Jack Eichel.
4:25 of 1st period - Stopped by Darcy Kuemper without a rebound.
4:26 of 1st period - Chris Tierney wins face-off versus Sidney Crosby in Sharks zone.
5:02 of 1st period - Slapshot by Zach Werenski.
5:02 of 1st period - Shot Blocked by Jesper Fast.
7:11 of 1st period - Snap shot by Robert Thomas.
7:11 of 1st period - Shot Blocked by Jesper Fast.
7:13 of 1st period - Snap shot by Robert Thomas.
7:13 of 1st period - Stopped by Anton Khudobin without a rebound.
7:14 of 1st period - Elias Lindholm wins face-off versus Boone Jenner in Wild zone.
7:25 of 1st period - Snap shot by Elias Lindholm.
7:25 of 1st period - Stopped by Darcy Kuemper with a rebound.
7:27 of 1st period - Wrist shot by Alexander Edler.
7:27 of 1st period - Shot Blocked by Justin Braun.
7:41 of 1st period - Ryan Suter is hit by Justin Braun and loses puck.
8:08 of 1st period - Slapshot by Sidney Crosby.
8:08 of 1st period - Shot Blocked by Alexander Edler.
8:10 of 1st period - Slapshot by Justin Braun.
8:10 of 1st period - Deflect By Sidney Crosby.
8:10 of 1st period - Shot Blocked by Alexander Edler.
8:10 of 1st period - Puck is out of play.
8:11 of 1st period - Dylan Larkin wins face-off versus Patrice Bergeron in Wild zone.
8:26 of 1st period - Slapshot by Patrice Bergeron.
8:26 of 1st period - Stopped by Darcy Kuemper without a rebound.
8:27 of 1st period - Boone Jenner wins face-off versus Chris Tierney in Sharks zone.
8:32 of 1st period - Slapshot by Michael Raffl.
8:32 of 1st period - Shot Misses the Net.
8:42 of 1st period - Wrist shot by Kevin Stenlund.
8:42 of 1st period - Shot Misses the Net.
8:52 of 1st period - Zach Werenski is hit by Jordan Greenway and loses puck.
9:22 of 1st period - Off-side.
9:23 of 1st period - Boone Jenner wins face-off versus Chris Tierney in neutral zone.
9:42 of 1st period - Ryan Suter is hit by Mark Borowiecki and loses puck.
9:59 of 1st period - Slapshot by Jonathan Huberdeau.
9:59 of 1st period - Goal by Jonathan Huberdeau - Wild : 0 - Sharks : 1.
10:00 of 1st period - Boone Jenner wins face-off versus Patrice Bergeron in neutral zone.
10:42 of 1st period - Snap shot by Brad Marchand.
10:42 of 1st period - Stopped by Darcy Kuemper without a rebound.
10:43 of 1st period - Elias Lindholm wins face-off versus Robert Thomas in Sharks zone.
10:54 of 1st period - Snap shot by Nikita Kucherov.
10:54 of 1st period - Stopped by Darcy Kuemper with a rebound.
11:10 of 1st period - Brayden McNabb is hit by Andreas Johnsson.
11:51 of 1st period - Michael Raffl is hit by Brandon Carlo.
12:27 of 1st period - Jordan Greenway is hit by Alex Pietrangelo and loses puck.
12:38 of 1st period - Alex Pietrangelo is hit by Jack Eichel and loses puck.
12:57 of 1st period - Dylan Larkin is hit by Devon Toews.
13:03 of 1st period - Snap shot by Frank Vatrano.
13:03 of 1st period - Shot Misses the Net.
13:23 of 1st period - Snap shot by Boone Jenner.
13:23 of 1st period - Stopped by Anton Khudobin without a rebound.
13:24 of 1st period - Nikita Kucherov wins face-off versus Boone Jenner in Wild zone.
13:54 of 1st period - Snap shot by Gabriel Landeskog.
13:54 of 1st period - Shot Misses the Net.
14:02 of 1st period - Slapshot by T.J. Oshie.
14:02 of 1st period - Stopped by Darcy Kuemper with a rebound.
14:20 of 1st period - Icing by Adrian Kempe.
14:21 of 1st period - Gabriel Landeskog wins face-off versus Jack Eichel in Wild zone.
14:28 of 1st period - Gabriel Landeskog is hit by Alexander Edler and loses puck.
14:41 of 1st period - Snap shot by Brad Marchand.
14:41 of 1st period - Shot Misses the Net.
15:13 of 1st period - Slapshot by Alex Pietrangelo.
15:13 of 1st period - Deflect By Kenny Agostino.
15:13 of 1st period - Shot Misses the Net.
15:13 of 1st period - Puck is out of play.
15:14 of 1st period - Elias Lindholm wins face-off versus Boone Jenner in Wild zone.
15:33 of 1st period - Wrist shot by Boone Jenner.
15:33 of 1st period - Stopped by Anton Khudobin without a rebound.
15:34 of 1st period - Patrice Bergeron wins face-off versus Sidney Crosby in Wild zone.
16:45 of 1st period - Snap shot by Nikita Kucherov.
16:45 of 1st period - Shot Blocked by Alex Pietrangelo.
17:29 of 1st period - Snap shot by Jack Eichel.
17:29 of 1st period - Shot Misses the Net.
17:43 of 1st period - Snap shot by Brad Marchand.
17:43 of 1st period - Shot Blocked by Shea Theodore.
17:45 of 1st period - Wrist shot by Jack Eichel.
17:45 of 1st period - Deflect By Dylan Larkin.
17:45 of 1st period - Shot Misses the Net.
17:45 of 1st period - Puck is out of play.
17:46 of 1st period - Sidney Crosby wins face-off versus Patrice Bergeron in Sharks zone.
19:10 of 1st period - Snap shot by Jack Eichel.
19:10 of 1st period - Shot Misses the Net.
19:32 of 1st period - Slapshot by Chris Tierney.
19:32 of 1st period - Shot Misses the Net.
19:50 of 1st period - Wrist shot by Patrice Bergeron.
19:50 of 1st period - Stopped by Darcy Kuemper without a rebound.
19:51 of 1st period - Dylan Larkin wins face-off versus Patrice Bergeron in Sharks zone.
Goals for this period are 0 for Wild vs 1 for Sharks.
Shots for this period are 9 for Wild vs 4 for Sharks.

2nd period


0:01 of 2nd period - Boone Jenner wins face-off versus Elias Lindholm in neutral zone.
0:04 of 2nd period - Slapshot by Zach Werenski.
0:04 of 2nd period - Shot Misses the Net.
0:50 of 2nd period - Wrist shot by Dylan Larkin.
0:50 of 2nd period - Shot Misses the Net.
0:52 of 2nd period - Snap shot by Alex Pietrangelo.
0:52 of 2nd period - Shot Misses the Net.
0:54 of 2nd period - Backhand shot by Teuvo Teravainen.
0:54 of 2nd period - Stopped by Anton Khudobin with a rebound.
2:21 of 2nd period - Sidney Crosby is hit by Kevin Stenlund and loses puck.
2:28 of 2nd period - Wrist shot by Frank Vatrano.
2:28 of 2nd period - Shot Misses the Net.
2:30 of 2nd period - Snap shot by Chris Tierney.
2:30 of 2nd period - Stopped by Darcy Kuemper without a rebound.
2:31 of 2nd period - Patrice Bergeron wins face-off versus Boone Jenner in Sharks zone.
3:00 of 2nd period - Backhand shot by Ryan Suter.
3:00 of 2nd period - Stopped by Darcy Kuemper with a rebound.
3:06 of 2nd period - Alexander Edler is hit by Dylan Larkin and loses puck.
3:15 of 2nd period - Alex Pietrangelo is hit by Alexander Edler and loses puck.
3:21 of 2nd period - Off-side.
3:22 of 2nd period - Boone Jenner wins face-off versus Patrice Bergeron in neutral zone.
3:35 of 2nd period - Patrice Bergeron is hit by Boone Jenner.
4:14 of 2nd period - Snap shot by Dylan Larkin.
4:14 of 2nd period - Shot Misses the Net.
4:30 of 2nd period - Slapshot by Boone Jenner.
4:30 of 2nd period - Shot Blocked by Chris Tierney.
4:33 of 2nd period - Icing by Kevin Stenlund.
4:34 of 2nd period - Boone Jenner wins face-off versus Chris Tierney in Wild zone.
4:54 of 2nd period - Slapshot by Frank Vatrano.
4:54 of 2nd period - Stopped by Darcy Kuemper with a rebound.
5:00 of 2nd period - Chris Tierney is hit by Michael Raffl and loses puck.
5:05 of 2nd period - Snap shot by Zach Werenski.
5:05 of 2nd period - Shot Misses the Net.
5:07 of 2nd period - Slapshot by Justin Braun.
5:07 of 2nd period - Stopped by Anton Khudobin without a rebound.
5:08 of 2nd period - Patrice Bergeron wins face-off versus Sidney Crosby in Wild zone.
5:17 of 2nd period - Slapshot by Patrice Bergeron.
5:17 of 2nd period - Stopped by Darcy Kuemper without a rebound.
5:18 of 2nd period - Patrice Bergeron wins face-off versus Sidney Crosby in Sharks zone.
5:43 of 2nd period - Slapshot by Sidney Crosby.
5:43 of 2nd period - Stopped by Anton Khudobin with a rebound.
6:09 of 2nd period - Patrice Bergeron is hit by Gabriel Landeskog and loses puck.
6:18 of 2nd period - Slapshot by Patrice Bergeron.
6:18 of 2nd period - Stopped by Darcy Kuemper with a rebound.
6:20 of 2nd period - Slapshot by Alexander Edler.
6:20 of 2nd period - Shot Misses the Net.
6:22 of 2nd period - Snap shot by Ryan Suter.
6:22 of 2nd period - Deflect By Patrice Bergeron.
6:22 of 2nd period - Shot Blocked by Sidney Crosby.
6:22 of 2nd period - Puck is out of play.
6:23 of 2nd period - Elias Lindholm wins face-off versus Boone Jenner in Sharks zone.
6:26 of 2nd period - Snap shot by Nikita Kucherov.
6:26 of 2nd period - Shot Misses the Net.
6:28 of 2nd period - Slapshot by Brayden McNabb.
6:28 of 2nd period - Stopped by Darcy Kuemper without a rebound.
6:29 of 2nd period - Boone Jenner wins face-off versus Elias Lindholm in Sharks zone.
7:08 of 2nd period - Mattias Ekholm is hit by Mark Borowiecki and loses puck.
7:13 of 2nd period - Snap shot by Robert Thomas.
7:13 of 2nd period - Shot Blocked by Brayden McNabb.
7:15 of 2nd period - Wrist shot by Robert Thomas.
7:15 of 2nd period - Shot Misses the Net.
7:17 of 2nd period - Snap shot by Boone Jenner.
7:17 of 2nd period - Shot Blocked by Chris Tierney.
7:19 of 2nd period - Snap shot by Alex Pietrangelo.
7:19 of 2nd period - Stopped by Anton Khudobin with a rebound.
7:21 of 2nd period - Slapshot by Mark Borowiecki.
7:21 of 2nd period - Stopped by Anton Khudobin without a rebound.
7:22 of 2nd period - Jack Eichel wins face-off versus Dylan Larkin in Wild zone.
7:39 of 2nd period - Slapshot by Dylan Larkin.
7:39 of 2nd period - Stopped by Anton Khudobin without a rebound.
7:40 of 2nd period - Sidney Crosby wins face-off versus Elias Lindholm in Wild zone.
7:47 of 2nd period - Jonathan Huberdeau is hit by Ryan Suter and loses puck.
7:54 of 2nd period - Wrist shot by Sidney Crosby.
7:54 of 2nd period - Shot Misses the Net.
7:56 of 2nd period - Snap shot by Gabriel Landeskog.
7:56 of 2nd period - Stopped by Anton Khudobin with a rebound.
8:11 of 2nd period - Slapshot by Jack Eichel.
8:11 of 2nd period - Stopped by Darcy Kuemper without a rebound.
8:12 of 2nd period - Jack Eichel wins face-off versus Robert Thomas in Sharks zone.
8:22 of 2nd period - Icing by Boone Jenner.
8:23 of 2nd period - Elias Lindholm wins face-off versus Boone Jenner in Sharks zone.
9:58 of 2nd period - Snap shot by Elias Lindholm.
9:58 of 2nd period - Shot Misses the Net.
10:18 of 2nd period - Snap shot by Zach Werenski.
10:18 of 2nd period - Deflect By Gabriel Landeskog.
10:18 of 2nd period - Stopped by Anton Khudobin with a rebound.
10:20 of 2nd period - Wrist shot by Sidney Crosby.
10:20 of 2nd period - Stopped by Anton Khudobin without a rebound.
10:21 of 2nd period - Sidney Crosby wins face-off versus Patrice Bergeron in Wild zone.
10:24 of 2nd period - Wrist shot by Sidney Crosby.
10:24 of 2nd period - Stopped by Anton Khudobin with a rebound.
10:26 of 2nd period - Snap shot by Gabriel Landeskog.
10:26 of 2nd period - Stopped by Anton Khudobin without a rebound.
10:27 of 2nd period - Dylan Larkin wins face-off versus Patrice Bergeron in Wild zone.
11:03 of 2nd period - Sidney Crosby is hit by Jordan Greenway and loses puck.
11:57 of 2nd period - Slapshot by Patrice Bergeron.
11:57 of 2nd period - Shot Misses the Net.
11:59 of 2nd period - Snap shot by T.J. Oshie.
11:59 of 2nd period - Shot Misses the Net.
12:21 of 2nd period - Snap shot by Sidney Crosby.
12:21 of 2nd period - Stopped by Anton Khudobin with a rebound.
13:16 of 2nd period - Icing by Gabriel Landeskog.
13:17 of 2nd period - Patrice Bergeron wins face-off versus Sidney Crosby in Sharks zone.
13:18 of 2nd period - Snap shot by T.J. Oshie.
13:18 of 2nd period - Deflect By Patrice Bergeron.
13:18 of 2nd period - Shot Blocked by Jonathan Huberdeau.
13:18 of 2nd period - Puck is out of play.
13:19 of 2nd period - Sidney Crosby wins face-off versus Patrice Bergeron in Sharks zone.
14:08 of 2nd period - Slapshot by Alex Pietrangelo.
14:08 of 2nd period - Shot Blocked by Adrian Kempe.
14:10 of 2nd period - Slapshot by Alex Pietrangelo.
14:10 of 2nd period - Shot Misses the Net.
14:12 of 2nd period - Slapshot by Mark Borowiecki.
14:12 of 2nd period - Shot Misses the Net.
14:14 of 2nd period - Wrist shot by Michael Raffl.
14:14 of 2nd period - Stopped by Anton Khudobin without a rebound.
14:15 of 2nd period - Jack Eichel wins face-off versus Boone Jenner in Wild zone.
15:14 of 2nd period - Snap shot by Elias Lindholm.
15:14 of 2nd period - Stopped by Darcy Kuemper without a rebound.
15:15 of 2nd period - Sidney Crosby wins face-off versus Jack Eichel in Sharks zone.
15:44 of 2nd period - Snap shot by Dylan Larkin.
15:44 of 2nd period - Stopped by Anton Khudobin with a rebound.
15:46 of 2nd period - Wrist shot by Andreas Johnsson.
15:46 of 2nd period - Shot Misses the Net.
15:48 of 2nd period - Snap shot by Teuvo Teravainen.
15:48 of 2nd period - Shot Misses the Net.
15:50 of 2nd period - Snap shot by Andreas Johnsson.
15:50 of 2nd period - Stopped by Anton Khudobin without a rebound.
15:51 of 2nd period - Patrice Bergeron wins face-off versus Sidney Crosby in Wild zone.
15:56 of 2nd period - Mark Borowiecki is hit by Patrice Bergeron and loses puck.
16:21 of 2nd period - Slapshot by Elias Lindholm.
16:21 of 2nd period - Stopped by Darcy Kuemper without a rebound.
16:22 of 2nd period - Jack Eichel wins face-off versus Boone Jenner in Sharks zone.
17:13 of 2nd period - Dylan Larkin is hit by Jordan Greenway and loses puck.
17:42 of 2nd period - Slapshot by Dylan Larkin.
17:42 of 2nd period - Shot Blocked by Nikita Kucherov.
17:44 of 2nd period - Wrist shot by Andreas Johnsson.
17:44 of 2nd period - Deflect By Dylan Larkin.
17:44 of 2nd period - Shot Misses the Net.
17:44 of 2nd period - Puck is out of play.
17:45 of 2nd period - Boone Jenner wins face-off versus Chris Tierney in Wild zone.
17:51 of 2nd period - Off-side.
17:52 of 2nd period - Boone Jenner wins face-off versus Chris Tierney in neutral zone.
18:08 of 2nd period - Frank Vatrano is hit by Mark Borowiecki and loses puck.
18:23 of 2nd period - Snap shot by Robert Thomas.
18:23 of 2nd period - Deflect By Boone Jenner.
18:23 of 2nd period - Shot Blocked by Brayden McNabb.
18:23 of 2nd period - Puck is out of play.
18:24 of 2nd period - Jesper Fast wins face-off versus Sidney Crosby in Wild zone.
18:51 of 2nd period - Zach Werenski is hit by Alexander Edler and loses puck.
18:58 of 2nd period - Snap shot by Justin Braun.
18:58 of 2nd period - Shot Blocked by Ryan Suter.
19:04 of 2nd period - Alex Pietrangelo is hit by Alexander Edler and loses puck.
19:35 of 2nd period - Brandon Carlo is hit by Sidney Crosby and loses puck.
Goals for this period are 0 for Wild vs 0 for Sharks.
Shots for this period are 9 for Wild vs 15 for Sharks.

3rd period


0:01 of 3rd period - Jack Eichel wins face-off versus Sidney Crosby in neutral zone.
0:14 of 3rd period - Snap shot by Jack Eichel.
0:14 of 3rd period - Shot Misses the Net.
0:52 of 3rd period - Snap shot by Dylan Larkin.
0:52 of 3rd period - Deflect By Andreas Johnsson.
0:52 of 3rd period - Shot Misses the Net.
0:52 of 3rd period - Puck is out of play.
0:53 of 3rd period - Sidney Crosby wins face-off versus Chris Tierney in Wild zone.
1:26 of 3rd period - Snap shot by Brad Marchand.
1:26 of 3rd period - Shot Misses the Net.
1:28 of 3rd period - Wrist shot by Jack Eichel.
1:28 of 3rd period - Goal by Jack Eichel - Wild : 1 - Sharks : 1.
1:29 of 3rd period - Patrice Bergeron wins face-off versus Sidney Crosby in neutral zone.
1:54 of 3rd period - Teuvo Teravainen is hit by Brad Marchand and loses puck.
2:52 of 3rd period - Off-side.
2:53 of 3rd period - Patrice Bergeron wins face-off versus Brendan Gaunce in neutral zone.
3:03 of 3rd period - Slapshot by Patrice Bergeron.
3:03 of 3rd period - Stopped by Darcy Kuemper without a rebound.
3:04 of 3rd period - Dylan Larkin wins face-off versus Jack Eichel in Sharks zone.
3:33 of 3rd period - Wrist shot by Boone Jenner.
3:33 of 3rd period - Stopped by Anton Khudobin without a rebound.
3:34 of 3rd period - Boone Jenner wins face-off versus Jesper Fast in Wild zone.
3:35 of 3rd period - Snap shot by Robert Thomas.
3:35 of 3rd period - Shot Blocked by Jesper Fast.
3:37 of 3rd period - Slapshot by Zach Werenski.
3:37 of 3rd period - Stopped by Anton Khudobin with a rebound.
3:39 of 3rd period - Slapshot by Boone Jenner.
3:39 of 3rd period - Stopped by Anton Khudobin without a rebound.
3:40 of 3rd period - Sidney Crosby wins face-off versus Patrice Bergeron in Wild zone.
3:47 of 3rd period - Wrist shot by Sidney Crosby.
3:47 of 3rd period - Shot Misses the Net.
3:53 of 3rd period - Gabriel Landeskog is hit by T.J. Oshie and loses puck.
4:08 of 3rd period - Snap shot by Jack Eichel.
4:08 of 3rd period - Stopped by Darcy Kuemper with a rebound.
4:22 of 3rd period - Snap shot by Jonathan Huberdeau.
4:22 of 3rd period - Shot Misses the Net.
4:46 of 3rd period - Wrist shot by Jonathan Huberdeau.
4:46 of 3rd period - Stopped by Anton Khudobin without a rebound.
4:47 of 3rd period - Boone Jenner wins face-off versus Elias Lindholm in Wild zone.
4:48 of 3rd period - Snap shot by Robert Thomas.
4:48 of 3rd period - Shot Misses the Net.
5:55 of 3rd period - Dylan Larkin is hit by Brayden McNabb and loses puck.
6:06 of 3rd period - Wrist shot by Dylan Larkin.
6:06 of 3rd period - Stopped by Anton Khudobin without a rebound.
6:07 of 3rd period - Brendan Gaunce wins face-off versus Elias Lindholm in Wild zone.
6:18 of 3rd period - Slapshot by Devon Toews.
6:18 of 3rd period - Shot Misses the Net.
6:20 of 3rd period - Slapshot by Brandon Carlo.
6:20 of 3rd period - Shot Blocked by Alex Pietrangelo.
6:28 of 3rd period - Minor Penalty to Brendan Gaunce for Hooking.
6:29 of 3rd period - Jack Eichel wins face-off versus Boone Jenner in Sharks zone.
6:56 of 3rd period - Alex Pietrangelo is hit by Nikita Kucherov and loses puck.
7:15 of 3rd period - Snap shot by Jonathan Huberdeau.
7:15 of 3rd period - Shot Misses the Net.
8:28 of 3rd period - Penalty to Brendan Gaunce is over, Brendan Gaunce is back on ice.
8:49 of 3rd period - Wrist shot by Dylan Larkin.
8:49 of 3rd period - Shot Blocked by Ryan Suter.
9:28 of 3rd period - Jack Eichel is hit by Gabriel Landeskog and loses puck.
11:08 of 3rd period - Off-side.
11:09 of 3rd period - Dylan Larkin wins face-off versus Elias Lindholm in neutral zone.
11:34 of 3rd period - Wrist shot by Patrice Bergeron.
11:34 of 3rd period - Stopped by Darcy Kuemper without a rebound.
11:35 of 3rd period - Boone Jenner wins face-off versus Patrice Bergeron in Sharks zone.
11:35 of 3rd period - Boone Jenner is hit by Mattias Ekholm.
11:53 of 3rd period - Patrice Bergeron is hit by Boone Jenner and loses puck.
12:10 of 3rd period - Slapshot by Jack Eichel.
12:10 of 3rd period - Shot Misses the Net.
12:12 of 3rd period - Wrist shot by Jack Eichel.
12:12 of 3rd period - Shot Misses the Net.
12:14 of 3rd period - Wrist shot by Mattias Ekholm.
12:14 of 3rd period - Stopped by Darcy Kuemper without a rebound.
12:15 of 3rd period - Elias Lindholm wins face-off versus Dylan Larkin in Sharks zone.
12:20 of 3rd period - Wrist shot by Elias Lindholm.
12:20 of 3rd period - Stopped by Darcy Kuemper with a rebound.
12:22 of 3rd period - Wrist shot by Elias Lindholm.
12:22 of 3rd period - Deflect By Nikita Kucherov.
12:22 of 3rd period - Shot Misses the Net.
12:22 of 3rd period - Puck is out of play.
12:23 of 3rd period - Teuvo Teravainen wins face-off versus Elias Lindholm in Sharks zone.
12:44 of 3rd period - Snap shot by Dylan Larkin.
12:44 of 3rd period - Shot Misses the Net.
12:52 of 3rd period - Slapshot by Nikita Kucherov.
12:52 of 3rd period - Shot Misses the Net.
12:54 of 3rd period - Slapshot by Alexander Edler.
12:54 of 3rd period - Shot Blocked by Mark Borowiecki.
12:56 of 3rd period - Snap shot by Jordan Greenway.
12:56 of 3rd period - Stopped by Darcy Kuemper with a rebound.
13:16 of 3rd period - Snap shot by Nikita Kucherov.
13:16 of 3rd period - Shot Misses the Net.
13:18 of 3rd period - Backhand shot by Nikita Kucherov.
13:18 of 3rd period - Stopped by Darcy Kuemper without a rebound.
13:19 of 3rd period - Sidney Crosby wins face-off versus Patrice Bergeron in Sharks zone.
13:45 of 3rd period - Icing by Gabriel Landeskog.
13:46 of 3rd period - Jack Eichel wins face-off versus Boone Jenner in Sharks zone.
13:51 of 3rd period - Justin Braun is hit by Adrian Kempe.
14:14 of 3rd period - Minor Penalty to Mark Borowiecki for Holding.
14:15 of 3rd period - Boone Jenner wins face-off versus Patrice Bergeron in Sharks zone.
16:14 of 3rd period - Penalty to Mark Borowiecki is over, Mark Borowiecki is back on ice.
16:29 of 3rd period - Snap shot by Jesper Fast.
16:29 of 3rd period - Shot Misses the Net.
16:31 of 3rd period - Wrist shot by Jesper Fast.
16:31 of 3rd period - Stopped by Darcy Kuemper without a rebound.
16:32 of 3rd period - Chris Tierney wins face-off versus Dylan Larkin in Sharks zone.
16:39 of 3rd period - Slapshot by Chris Tierney.
16:39 of 3rd period - Shot Blocked by Andreas Johnsson.
16:51 of 3rd period - Brayden McNabb is hit by Shea Theodore and loses puck.
17:30 of 3rd period - Snap shot by Chris Tierney.
17:30 of 3rd period - Deflect By Frank Vatrano.
17:30 of 3rd period - Shot Misses the Net.
17:30 of 3rd period - Puck is out of play.
17:31 of 3rd period - Jack Eichel wins face-off versus Boone Jenner in Sharks zone.
18:30 of 3rd period - Slapshot by Gabriel Landeskog.
18:30 of 3rd period - Stopped by Anton Khudobin without a rebound.
18:31 of 3rd period - Boone Jenner wins face-off versus Jack Eichel in Wild zone.
19:13 of 3rd period - Jesper Fast is hit by Justin Braun and loses puck.
19:57 of 3rd period - Icing by Robert Thomas.
19:58 of 3rd period - Patrice Bergeron wins face-off versus Andreas Johnsson in Sharks zone.
Goals for this period are 1 for Wild vs 0 for Sharks.
Shots for this period are 9 for Wild vs 6 for Sharks.

Overtime #1


0:01 of 1st overtime period - Sidney Crosby wins face-off versus Patrice Bergeron in neutral zone.
0:26 of 1st overtime period - Jonathan Huberdeau is hit by Alexander Edler and loses puck.
0:35 of 1st overtime period - Snap shot by Nikita Kucherov.
0:35 of 1st overtime period - Stopped by Darcy Kuemper without a rebound.
0:36 of 1st overtime period - Patrice Bergeron wins face-off versus Sidney Crosby in Sharks zone.
1:03 of 1st overtime period - Nikita Kucherov is hit by Jonathan Huberdeau and loses puck.
1:30 of 1st overtime period - Slapshot by T.J. Oshie.
1:30 of 1st overtime period - Stopped by Darcy Kuemper without a rebound.
1:31 of 1st overtime period - Sidney Crosby wins face-off versus Elias Lindholm in Sharks zone.
1:48 of 1st overtime period - Wrist shot by T.J. Oshie.
1:48 of 1st overtime period - Stopped by Darcy Kuemper with a rebound.
1:50 of 1st overtime period - Slapshot by Ryan Suter.
1:50 of 1st overtime period - Stopped by Darcy Kuemper without a rebound.
1:51 of 1st overtime period - Sidney Crosby wins face-off versus Patrice Bergeron in Sharks zone.
2:06 of 1st overtime period - Wrist shot by Patrice Bergeron.
2:06 of 1st overtime period - Shot Misses the Net.
2:39 of 1st overtime period - Wrist shot by Teuvo Teravainen.
2:39 of 1st overtime period - Stopped by Anton Khudobin with a rebound.
2:41 of 1st overtime period - Wrist shot by Teuvo Teravainen.
2:41 of 1st overtime period - Stopped by Anton Khudobin without a rebound.
2:42 of 1st overtime period - Patrice Bergeron wins face-off versus Boone Jenner in Wild zone.
2:49 of 1st overtime period - Wrist shot by Patrice Bergeron.
2:49 of 1st overtime period - Shot Misses the Net.
3:33 of 1st overtime period - Snap shot by Sidney Crosby.
3:33 of 1st overtime period - Stopped by Anton Khudobin with a rebound.
3:39 of 1st overtime period - Sidney Crosby is hit by Ryan Suter and loses puck.
4:19 of 1st overtime period - Off-side.
4:20 of 1st overtime period - Boone Jenner wins face-off versus Brad Marchand in neutral zone.
4:23 of 1st overtime period - Snap shot by Teuvo Teravainen.
4:23 of 1st overtime period - Shot Blocked by Alexander Edler.
4:28 of 1st overtime period - Off-side.
4:29 of 1st overtime period - Sidney Crosby wins face-off versus Patrice Bergeron in neutral zone.
4:34 of 1st overtime period - Slapshot by Zach Werenski.
4:34 of 1st overtime period - Shot Misses the Net.
4:36 of 1st overtime period - Slapshot by Sidney Crosby.
4:36 of 1st overtime period - Stopped by Anton Khudobin without a rebound.
4:37 of 1st overtime period - Sidney Crosby wins face-off versus Patrice Bergeron in Wild zone.
4:40 of 1st overtime period - Snap shot by Gabriel Landeskog.
4:40 of 1st overtime period - Stopped by Anton Khudobin with a rebound.
4:42 of 1st overtime period - Wrist shot by Sidney Crosby.
4:42 of 1st overtime period - Shot Misses the Net.
4:44 of 1st overtime period - Slapshot by Gabriel Landeskog.
4:44 of 1st overtime period - Shot Blocked by Alexander Edler.
4:46 of 1st overtime period - Backhand shot by Zach Werenski.
4:46 of 1st overtime period - Stopped by Anton Khudobin without a rebound.
4:47 of 1st overtime period - Sidney Crosby wins face-off versus Patrice Bergeron in Wild zone.
4:48 of 1st overtime period - Snap shot by Gabriel Landeskog.
4:48 of 1st overtime period - Stopped by Anton Khudobin without a rebound.
4:49 of 1st overtime period - Sidney Crosby wins face-off versus Patrice Bergeron in Wild zone.
4:58 of 1st overtime period - Snap shot by Gabriel Landeskog.
4:58 of 1st overtime period - Stopped by Anton Khudobin without a rebound.
4:59 of 1st overtime period - Patrice Bergeron wins face-off versus Sidney Crosby in Wild zone.
Goals for this period are 0 for Wild vs 0 for Sharks.
Shots for this period are 4 for Wild vs 8 for Sharks.

ShootOut


5:00 of 1st overtime period - Round #1.
5:00 of 1st overtime period - Wild, Elias Lindholm.
5:00 of 1st overtime period - Snap shot by Elias Lindholm.
5:00 of 1st overtime period - Stopped by Darcy Kuemper.
5:00 of 1st overtime period - Sharks, Sidney Crosby.
5:00 of 1st overtime period - Deke by Sidney Crosby.
5:00 of 1st overtime period - Stopped by Anton Khudobin.
5:00 of 1st overtime period - Round #2.
5:00 of 1st overtime period - Wild, Patrice Bergeron.
5:00 of 1st overtime period - Wrist shot by Patrice Bergeron.
5:00 of 1st overtime period - Stopped by Darcy Kuemper.
5:00 of 1st overtime period - Sharks, Gabriel Landeskog.
5:00 of 1st overtime period - Wrist shot by Gabriel Landeskog.
5:00 of 1st overtime period - Goal by Gabriel Landeskog.
5:00 of 1st overtime period - Round #3.
5:00 of 1st overtime period - Wild, Brad Marchand.
5:00 of 1st overtime period - Deke by Brad Marchand.
5:00 of 1st overtime period - Stopped by Darcy Kuemper. Output by the SimonT Hockey Simulator (STHS) for Eric Tremblay - Original Page W3C HTML5 Valid
Hockey Simulator - Hockey Simulation - Hockey Manager